 Dungeon Crawl Stone Soup version 0.20-a0-731-gecde0bf (webtiles) character file.

27 KristoblXynda the Magician (level 2, -5/13 HPs)
             Began as a Spriggan Venom Mage on Feb 22, 2017.
             Slain by a kobold
             ... wielding a +1 short sword of electrocution
              (15 damage)
             ... on level 1 of the Dungeon.
             The game lasted 00:02:22 (1028 turns).

KristoblXynda the Magician (Spriggan Venom Mage)    Turns: 1028, Time: 00:02:23

Health: -5/13      AC:  3    Str:  4    XL:     2   Next: 93%
Magic:  7/7        EV: 18    Int: 16    God:
Gold:   72         SH:  0    Dex: 16    Spells: 6/7 levels left

rFire    . . .     SeeInvis +   e - +0 dagger
rCold    . . .     Gourm    .   a - +0 robe
rNeg     . . .     Faith    .   (shield restricted)
rPois    .         Spirit   .   (helmet restricted)
rElec    .         Reflect  .   d - +0 cloak
rCorr    .         Harm     .   (gloves unavailable)
MR       +....                  (boots unavailable)
Stlth    +++.......             (no amulet)
Regen    0.1/turn               (no ring)
MPRegen  0.1/turn               g - ring of protection from magic

@: very quick
A: unfitting armour, see invisible, herbivore 3, speed 3, slow metabolism 2
a: no special abilities


You were on level 1 of the Dungeon.
You were not hungry.

You visited 1 branch of the dungeon, and saw 1 of its levels.

You collected 72 gold pieces.

Inventory:

Hand Weapons
 e - a +0 dagger (weapon)
Armour
 a - a +0 robe (worn)
 d - a +0 cloak (worn)
 q - a cursed +0 buckler
Jewellery
 g - a ring of protection from magic (left hand)
 k - a cursed ring of teleportation {unknown}
 n - an uncursed ring of flight {unknown}
Scrolls
 f - 3 scrolls of magic mapping {unknown}
 h - 2 scrolls of identify {unknown}
 l - 2 scrolls of fog {unknown}
 o - a scroll of enchant weapon {unknown}
Potions
 i - a potion of lignification {unknown}
 j - a potion of haste {unknown}
 m - a potion of invisibility {unknown}
 p - a potion of brilliance {unknown}
 s - a potion of berserk rage {unknown}
Books
 b - a Young Poisoner's Handbook

   Spells                             Type                      Level
   a - Sting                          Conjuration/Poison           1
   b - Poisonous Vapours              Poison/Air                   2
   c - Mephitic Cloud                 Conjuration/Poison/Air       3
   d - Olgreb's Toxic Radiance        Poison                       4
   e - Venom Bolt                     Conjuration/Poison           5
Comestibles
 c - a bread ration
 r - a fruit


   Skills:
 + Level 0.7 Short Blades
 - Level 3.0 Dodging
 + Level 3.4 Stealth
 + Level 3.4 Spellcasting
 + Level 1.1 Conjurations
 - Level 3.1 Poison Magic


You had 6 spell levels left.
You knew the following spells:

 Your Spells              Type           Power        Failure   Level  Hunger
a - Sting                 Conj/Pois      #...         10%         1    None


Dungeon Overview and Level Annotations

Branches:
Dungeon (1/15)

Altars:


Innate Abilities, Weirdness & Mutations

You are very small and have problems with some larger weapons.
You are too small for most types of armour.
You have supernaturally acute eyesight. (SInv)
You are a herbivore.
You cover ground extremely quickly.
You need consume almost no food.


Message History

The dart slug closely misses you.
You barely miss the dart slug.
The dart slug is almost dead.
The dart slug launches a dart at you. The slug dart misses you.
You hit the dart slug.
You kill the dart slug!
You enter the shallow water.
Moving in this stuff is going to be slow.
A kobold comes into view.
It is wielding a short sword of electrocution.
A kobold is nearby!
A kobold is nearby!
You barely miss the kobold.
The kobold shouts!
You hit the kobold.
The kobold is heavily wounded.
The kobold hits you with a short sword of electrocution.
You are electrocuted!
Ouch! That really hurt!
You die...

######## #..≈#####≈≈≈≈≈ #......#
#####.≈≈≈≈≈≈≈≈≈≈≈≈ #.####.#
#......≈≈###≈≈##≈≈
#.####.########......≈≈#>#≈≈##≈≈
#....................≈≈#<#≈≈≈≈≈≈
#..###.########......"≈#'#≈≈≈≈≈≈
#..# #.########.....#..≈≈≈≈≈≈≈≈≈
##..#
#.#......K.....##≈≈.≈.≈.≈.≈
##..#
#.....((..@#.######.##.####
....# ###.######.#.# #.##.#
.#.## #.# #.#.# #....# .#.# #.#
#.#.# ###.## .#.# #.# #.#.# #.#
.#.## #.# ###.#.## #.# ....# #.#
#......## #.# .#.## ##.#
#.#.#...# #.# .### #..#
#.#.##..# #.#


You could see a kobold.

Vanquished Creatures
  2 dart slugs (D:1)
  3 giant cockroaches (D:1)
  5 goblins (D:1)
  2 hobgoblins (D:1)
  2 kobolds (D:1)
  3 bats (D:1)
  4 rats (D:1)
21 creatures vanquished.

Notes
Turn   | Place    | Note
-------+----------+-------------------------------------------
     0 | D:1      | KristoblXynda the Spriggan Venom Mage began the quest for the Orb.
     0 | D:1      | Reached XP level 1. HP: 9/9 MP: 5/5
   321 | D:1      | Reached XP level 2. HP: 13/13 MP: 2/7
   563 | D:1      | Reached skill level 1 in Conjurations
  1028 | D:1      | Slain by a kobold

Vault maps used:
D:1:      minmay_arrival_floating_metal, minmay_tetromino_o2

Skill      XL: |  1  2 |
---------------+-------+-----
Spellcasting   | 3 |  3.4
Conjurations   | 1 |  1.1
Short Blades   | |  0.7
Dodging        | |  3.0
Stealth        | |  3.4
Poison Magic   | |  3.1

Action                   || total
-------------------------++-------
Melee: Dagger            ||    90
 Cast: Sting             ||    17
 Stab: Sleeping          ||     3
Armor: Robe              ||    16
Dodge: Dodged            ||    76
